 Dungeon Crawl Stone Soup version 0.30-a0-354-g6b83867211 (webtiles) character file.

Game seed: 14071037500575555258

1227 koil the Chopper (level 8, 0/68 HPs)
             Began as a Hill Orc Reaver on Nov 8, 2022.
             Shot with an arrow by a centaur (13 damage)
             ... on level 5 of the Dungeon.
             The game lasted 00:14:35 (4245 turns).

koil the Chopper (Hill Orc Reaver)                  Turns: 4245, Time: 00:14:36

Health: 0/68       AC:  8    Str: 17    XL:     8   Next: 48%
Magic:  13/13      EV: 14    Int: 13    God:
Gold:   24         SH:  0    Dex:  9    Spells: 10/13 levels left

rFire   . . .      SeeInvis .    a - +0 hand axe
rCold   + . .      Faith    .    (no shield)
rNeg    . . .      Spirit   .    f - +0 scale mail
rPois   .          Reflect  .    (helmet restricted)
rElec   .          Harm     .    v - +0 cloak
rCorr   .          Rampage  .    (no gloves)
Will    .....                    (no boots)
Stlth   ..........               (no amulet)
HPRegen 0.31/turn                d - +4 ring of evasion
MPRegen 0.13/turn                (no ring)

@: no status effects
A: horns 1, cold resistance 1, subdued magic 1
a: no special abilities


You were on level 5 of the Dungeon.
You visited 1 branch of the dungeon, and saw 5 of its levels.

You collected 194 gold pieces.
You spent 170 gold pieces at shops.

Inventory:

Hand Weapons
 a - a +0 hand axe (weapon)
 i - a +3 scythe of venom
 u - a +2 quarterstaff of chaos
Missiles
 q - 11 poisoned darts
Armour
 b - a +0 leather armour
 f - a +0 scale mail (worn)
 t - a +1 robe of positive energy
 v - a +0 cloak (worn)
 B - a +1 helmet
Magical Staves
 n - a staff of fire
Jewellery
 d - a +4 ring of evasion (left hand)
Wands
 o - a wand of paralysis (3)
 s - a wand of quicksilver (4)
 y - a wand of mindburst (2)
Scrolls
 c - 2 scrolls of butterflies
 h - a scroll of enchant weapon {unknown}
 k - 2 scrolls of poison
 w - a scroll of teleportation
 x - a scroll of enchant armour {unknown}
 z - 6 scrolls of identify
Potions
 e - a potion of flight
 g - 2 potions of brilliance
 j - 2 potions of curing
 l - 3 potions of berserk rage {unknown}
 m - 2 potions of degeneration {unknown}
 p - 3 potions of lignification {unknown}
 r - a potion of ambrosia {unknown}
 A - a potion of magic {unknown}
 C - a potion of might


   Skills:
 + Level 5.1 Fighting
 + Level 6.4 Axes
 + Level 4.0 Armour
 + Level 3.5 Dodging
 + Level 3.3 Spellcasting
 + Level 4.8 Conjurations
 - Level 2.0 Translocations


You had 10 spell levels left.
You knew the following spells:

 Your Spells              Type           Power      Damage    Failure   Level
a - Kiss of Death         Conj/Necr      24%        2d7       22%         1
b - Momentum Strike       Conj/Tloc      16%        3d8       22%         2

Your spell library contained the following spells:

 Spells                   Type           Power      Damage    Failure   Level
 Hailstorm                Conj/Ice       6%         3d4       56%         3


Dungeon Overview and Level Annotations

Branches:
Dungeon (5/15)
 Temple: D:4-7

Altars:

Shops:
D:4 (?:


Innate Abilities, Weirdness & Mutations

You have a pair of small horns on your head.
Your flesh is cold resistant. (rC+)
Your spells are a little easier to cast, but a little less powerful.


Message History

The centaur shoots an arrow.
The arrow hits you!
The centaur shoots an arrow.
The arrow hits you but does no damage.
The centaur shoots an arrow.
The arrow barely misses you.
The centaur shoots an arrow.
The arrow misses you.
The centaur shoots an arrow.
The arrow hits you.
The centaur shoots an arrow.
The arrow hits you.
The centaur shoots an arrow.
The arrow closely misses you.
A gnoll comes into view. It is wielding a +0 long sword.
You cannot move.
You cannot move.
You cannot move.
You cannot move.
The centaur shoots an arrow.
The arrow hits you.
A gnoll comes into view. It is wielding a +0 whip.
You are no longer robbed of momentum.
The centaur shoots an arrow.
The arrow closely misses you.
The centaur shoots an arrow.
The arrow hits you.
You hear a shout!
Your magical contamination has completely faded away.
A gnoll comes into view. It is wielding a +0 whip.
The centaur shoots an arrow.
The arrow hits you.
The centaur shoots an arrow.
The arrow hits you.
A gnoll comes into view. It is wielding a +0 halberd.
The centaur shoots an arrow.
The arrow completely misses you.
The centaur shoots an arrow.
The arrow barely misses you.
The centaur shoots an arrow.
The arrow completely misses you.
The centaur shoots an arrow.
The arrow hits you!
* * * LOW HITPOINT WARNING * * *
The centaur shoots an arrow.
The arrow closely misses you.
The centaur shoots an arrow.
The arrow closely misses you.
The centaur shoots an arrow.
The arrow completely misses you.
Found a stone staircase leading down.
Found a stone staircase leading up.
The centaur shoots an arrow.
The arrow hits you but does no damage.
The centaur shoots an arrow.
The arrow hits you!
* * * LOW HITPOINT WARNING * * *
The centaur shoots an arrow.
The arrow hits you.
* * * LOW HITPOINT WARNING * * *
The centaur shoots an arrow.
The arrow hits you!
You die...

.##. #g##
##.....###.. # #..#
#....###..#
..#####.##
##.......##
#........## #..... #
>.#....g..###......#
##
#####.g.....##...#
#. #c.##..####..##..
###..#....#.. ....#
#.@.gg.......####.
.................##
#.
....<####......#.# #
...# #...####..# ..
...## .# . .#..# . .
####.# . #.#


You could see a centaur and 4 gnolls.

Vanquished Creatures
  Prince Ribbit (D:5)
  Sigmund (D:2)
  Eustachio (D:4)
  Menkaure (D:4)
  An ogre (D:5)
  A centaur (D:5)
  A phantom (D:4)
  A howler monkey (D:4)
  Crazy Yiuf (D:2)
  3 hounds
  Jessica (D:2)
  An iguana (D:5)
  8 gnolls
  6 adders
  4 dart slugs
  An orc (D:4)
  10 ball pythons
  6 endoplasms
  3 giant cockroaches
  5 goblins
  7 hobgoblins
  5 kobolds
  2 quokkas
  4 bats
  3 frilled lizards
  4 rats
  2 plants (D:2)
84 creatures vanquished.

Notes
Turn   | Place    | Note
-------+----------+-------------------------------------------
     0 | D:1      | koil the Hill Orc Reaver began the quest for the Orb.
     0 | D:1      | Reached XP level 1. HP: 18/18 MP: 3/3
   182 | D:1      | Reached XP level 2. HP: 19/25 MP: 4/4
   185 | D:1      | Learned a level 2 spell: Momentum Strike
   698 | D:2      | Reached XP level 3. HP: 30/30 MP: 5/5
   757 | D:2      | Noticed Sigmund
   774 | D:2      | HP: 6/30 [poisoned by Sigmund]
   775 | D:2      | Killed Sigmund
   776 | D:2      | Reached skill level 1 in Armour
   776 | D:2      | Reached skill level 1 in Translocations
   776 | D:2      | Reached XP level 4. HP: 4/38 MP: 5/7
   776 | D:2      | Reached XP level 5. HP: 5/45 MP: 5/8
   777 | D:2      | HP: 1/45 [poisoned by Sigmund]
  1046 | D:2      | HP: 9/45 [gnoll/+0 whip (6)]
  1048 | D:2      | HP: 3/45 [gnoll/+0 flail (6)]
  1049 | D:2      | Gained mutation: Armour fits poorly on your strangely
                  | shaped body. [potion of mutation]
  1049 | D:2      | Gained mutation: You are somewhat resistant to further
                  | mutation. [potion of mutation]
  1053 | D:2      | Reached XP level 6. HP: 5/51 MP: 9/9
  1055 | D:2      | Reached skill level 5 in Axes
  1369 | D:2      | Noticed Jessica
  1374 | D:2      | Killed Jessica
  1525 | D:2      | Found a runed translucent door.
  1526 | D:2      | Noticed Crazy Yiuf
  1603 | D:2      | Found a faded altar of an unknown god.
  1720 | D:2      | Killed Crazy Yiuf
  2661 | D:4      | Lost mutation: You are somewhat resistant to further
                  | mutation. [potion of mutation]
  2661 | D:4      | Lost mutation: Armour fits poorly on your strangely shaped
                  | body. [potion of mutation]
  2661 | D:4      | Gained mutation: Your spells are a little easier to cast,
                  | but a little less powerful. [potion of mutation]
  2661 | D:4      | Gained mutation: Your flesh is cold resistant. (rC+)
                  | [potion of mutation]
  2661 | D:4      | Gained mutation: You have a pair of small horns on your
                  | head. [potion of mutation]
  2726 | D:4      | Noticed Menkaure
  2750 | D:4      | Killed Menkaure
  2751 | D:4      | Reached XP level 7. HP: 58/59 MP: 10/10
  2886 | D:4      | Found Eppas's Book Shoppe.
  3234 | D:4      | Found Fithuh's Magic Scroll Emporium.
  3235 | D:4      | Found Hoxilidd's Magic Scroll Boutique.
  3236 | D:4      | Found Wunugeut's Antique Weapon Shop.
  3241 | D:4      | Noticed Eustachio
  3272 | D:4      | HP: 12/60 [iron imp[Eustachio] (4)]
  3276 | D:4      | Killed Eustachio
  3434 | D:4      | Bought a scroll of identify for 20 gold pieces
  3434 | D:4      | Bought a scroll of identify for 20 gold pieces
  3434 | D:4      | Bought a scroll of teleportation for 30 gold pieces
  3434 | D:4      | Bought a scroll of identify for 20 gold pieces
  3434 | D:4      | Bought a scroll of butterflies for 40 gold pieces
  3434 | D:4      | Bought a scroll of poison for 40 gold pieces
  3528 | D:5      | Entered Level 5 of the Dungeon
  3544 | D:5      | HP: 3/60 [ogre/+0 giant spiked club (27)]
  3547 | D:5      | Reached skill level 6 in Axes
  3547 | D:5      | Reached XP level 8. HP: 4/67 MP: 12/12
  4084 | D:5      | Noticed Prince Ribbit
  4106 | D:5      | Killed Prince Ribbit
  4107 | D:5      | Reached skill level 5 in Fighting
  4245 | D:5      | HP: 13/68 [centaur/arrow (5)]
  4245 | D:5      | Shot with an arrow by a centaur

Illustrated notes

Levels and vault maps discovered:
D:1:      shiori_angband_town, layout_rooms
D:2:      layout_rooms, dilly_ecumenical_altar_fadedgnrine, uniq_sigmund,
          uniq_crazy_yiuf_cottage, uniq_jessica
D:3:      minmay_skewed_foursquare, layout_basic, minmay_misc_feat_x
D:4:      layout_basic, nicolae_wooded_promenade, uniq_menkaure, uniq_eustachio
D:5:      layout_layer_cave, minmay_temple_entry_waves, lexackson_kobold_supper,
          uniq_prince_ribbit1

Skill      XL: |  1  2  3  4  5  6  7  8 |
---------------+-------------------------+-----
Fighting       | 3 4 5 |  5.1
Armour         | 1 2 3 4 |  4.0
Dodging        | 2 3 |  3.5
Spellcasting   | 2 3 |  3.3
Translocations | 1 2 |  2.0
Axes           | 5 6 |  6.4
Conjurations   | 4 |  4.8

Action                   |  1- 3 |  4- 6 |  7- 9 || total
-------------------------+-------+-------+-------++-------
Melee: Hand axe          |    81 |   195 |   104 ||   380
       Punch             |       |     1 |       ||     1
       Headbutt          |       |     5 |    24 ||    29
 Cast: Momentum Strike   |       |       |     2 ||     2
Evoke: Wand              |     2 |     5 |    13 ||    20
  Use: Potion            |       |     6 |     2 ||     8
 Stab: Paralysed         |     7 |     5 |       ||    12
Armor: Leather armour    |     3 |       |       ||     3
       Scale mail        |    13 |    47 |    57 ||   117
Dodge: Dodged            |    45 |   153 |   150 ||   348

Table legend: (Time is in decaauts)
 A = Elapsed time spent in this place.
 B = Non-inter-level travel time spent in this place.
 C = Inter-level travel time spent in this place.
 D = Time resting spent in this place.
 E = Time spent auto-exploring this place.
 F = Levels seen in this place.
 G = Mean time per level.
                   A        B        C        D        E       F      G
               +--------+--------+--------+--------+--------+-----+--------+
         Total |   4264 |   4138 |    126 |    195 |   3150 |   5 |  852.8 |
       Dungeon |   4264 |   4138 |    126 |    195 |   3150 |   5 |  852.8 |
               +--------+--------+--------+--------+--------+-----+--------+

Top non-repeatable levels by time:
     D:4: 1128 daAuts
     D:2: 1113 daAuts
     D:3: 802 daAuts
     D:1: 699 daAuts
     D:5: 520 daAuts
